 Dungeon Crawl Stone Soup version 0.18.1-48-g4cf74bf (webtiles) character file.

2153 Aquadorian the Grappler (level 9, -1/80 HPs)
             Began as a Troll Monk on June 26, 2016.
             Was a Follower of Ru.
             Slain by a killer bee (2 damage)
             ... on level 7 of the Dungeon.
             The game lasted 00:31:16 (4630 turns).

Aquadorian the Grappler (Troll Monk)                Turns: 4630, Time: 00:31:17

Health: -1/80      AC: 11    Str: 19 (21) XL:     9   Next: 10%
Magic:  8/8        EV: 12    Int:  4 (6)  God:    Ru [*.....]
Gold:   357        SH:  0    Dex: 12 (15) Spells: 0 memorised, 8 levels left

rFire  . . .     SeeInvis .       - Unarmed
rCold  . . .     Gourm    +     a - +0 robe
rNeg   . . .     Faith    .     (no shield)
rPois  .         Spirit   .     (helmet restricted)
rElec  .         Dismiss  .     e - +1 cloak
rCorr  .         Reflect  .     (gloves unavailable)
SustAt .         Harm     .     (boots unavailable)
MR     .....                    x - amulet of inaccuracy (curse)
Stlth  +.........               (no ring)
                                u - +4 ring of protection

@: lethally poisoned (-1 -> -1), not resistant to hostile enchantments, very
unstealthy
A: unfitting armour, claws 3, fast metabolism 3, gourmand, regeneration 2,
shaggy fur 1, tough skin 2, hated by all
a: Renounce Religion


You were on level 7 of the Dungeon.
You worshipped Ru.
Ru was aware of your devotion.
You were very hungry.

You visited 1 branch of the dungeon, and saw 7 of its levels.

You collected 357 gold pieces.

Inventory:

Hand Weapons
 p - a +1 blowgun
 r - a +0 blowgun
Missiles
 q - 34 poisoned needles
Armour
 a - a +0 robe (worn)
 e - a +1 cloak (worn)
Jewellery
 c - an uncursed ring of fire
 u - a +4 ring of protection (left claw)
 x - a cursed amulet of inaccuracy (around neck)
Wands
 s - a wand of flame (48/48)
 w - a wand of hasting (2/9)
Scrolls
 t - a scroll of teleportation
 y - a scroll of amnesia
Potions
 d - 3 potions of brilliance
 i - a potion of invisibility {unknown}
 k - a potion of lignification {unknown}
 l - 2 potions of cure mutation
 n - 2 potions of heal wounds {unknown}
 o - a potion of agility {unknown}
 v - 2 potions of degeneration
 z - a potion of flight {unknown}
Comestibles
 b - 5 bread rations
 f - 10 fruits
 g - a beef jerky
 h - 5 meat rations
 j - a slice of pizza


   Skills:
 - Level 2.4 Fighting
 + Level 5.2 Dodging
 - Level 1.1 Stealth
 + Level 11.2 Unarmed Combat


You had 8 spell levels left.
You didn't know any spells.

Dungeon Overview and Level Annotations

Branches:
Dungeon (7/15)             Temple (0/1) D:6

Altars:
Ashenzari
Fedhas
Gozag
Kikubaaqudgha
Ru

Annotations:
D:6 Aquadorian's ghost, novice VSMo


Innate Abilities, Weirdness & Mutations

You are too large for most types of armour.
You have claws for hands.
Your metabolism is lightning-fast.
You like to eat raw meat.
You heal very quickly.
You are covered in fur (AC +1).
You have very tough skin (AC +2).
You are hated by all.


Message History

You feel sick.
The killer bee stings you but does no damage. x2
You completely miss the killer bee.
The killer bee is heavily wounded.
You feel sick. The killer bee stings you.
* * * LOW HITPOINT WARNING * * *
The killer bee barely misses you.
You completely miss the killer bee.
The killer bee is heavily wounded.
The killer bee stings you.
* * * LOW HITPOINT WARNING * * *
You feel sick. The killer bee stings you.
* * * LOW HITPOINT WARNING * * *
You feel sick. The killer bee stings you!
* * * LOW HITPOINT WARNING * * *
A worker ant comes into view.
The worker ant twitches its antennae in your direction.
The killer bee completely misses you.
You feel sick. The killer bee stings you.
You die...

##.####.##
#........#
#........# .
#.......># # ..
#........# # ..
#........# ###
#.##........#
#..##.. #..ay@#
#..... ####y.###
# #....# #.y..#
.##...### ##.#.#
#....#
#.#.###....
#(#.#...#
...#.....#####..
................#
.####...##.####..


You could see a worker ant and 3 killer bees.

Vanquished Creatures
  Joseph (D:7)
  A hungry ghost (D:7)
  Edmund (D:6)
  An ice beast (D:5)
  A sky beast (D:5)
  A phantom (D:7)
  3 ogres
  A big kobold (D:7)
  A gnoll sergeant (D:6)
  2 scorpions (D:4)
  A water moccasin skeleton (D:5)
  6 killer bees (D:7)
  3 crimson imps
  A giant frog zombie (D:7)
  An orc priest (D:6)
  A hound (D:6)
  Jessica (D:3)
  An iguana (D:6)
  3 worker ants
  A hound skeleton (D:3)
  A howler monkey skeleton (D:4)
  6 adders
  5 gnolls (D:6)
  3 shadow imps
  An adder skeleton (D:3)
  A worm (D:6)
  2 giant geckos
  10 orcs
  4 giant cockroaches
  7 goblins
  7 hobgoblins
  3 quokkas
  8 bats
  4 giant newts
  7 kobolds
  A quokka skeleton (D:4)
  4 rats
106 creatures vanquished.

Notes
Turn   | Place    | Note
--------------------------------------------------------------
     0 | D:1      | Aquadorian the Troll Monk began the quest for the Orb.
     0 | D:1      | Reached XP level 1. HP: 22/22 MP: 0/0
   163 | D:1      | Reached XP level 2. HP: 25/29 MP: 1/1
  1329 | D:3      | Noticed Jessica
  1337 | D:3      | Reached skill level 5 in Unarmed Combat
  1340 | D:3      | Reached XP level 3. HP: 36/36 MP: 2/2
  1345 | D:3      | Killed Jessica
  1445 | D:3      | Reached XP level 4. HP: 44/44 MP: 3/3
  1770 | D:3      | Reached skill level 6 in Unarmed Combat
  2020 | D:4      | Noticed an ogre
  2032 | D:4      | Killed an ogre
  2032 | D:4      | Reached XP level 5. HP: 27/50 MP: 4/4
  2094 | D:4      | Reached skill level 7 in Unarmed Combat
  2102 | D:4      | Noticed an ogre
  2108 | D:4      | Killed an ogre
  2108 | D:4      | Reached XP level 6. HP: 59/59 MP: 5/5
  2398 | D:4      | Reached skill level 8 in Unarmed Combat
  2516 | D:5      | Entered Level 5 of the Dungeon
  2541 | D:5      | Found a shattered altar of Ashenzari.
  2541 | D:5      | Noticed an ice beast
  2542 | D:5      | Found a sacrificial altar of Ru.
  2542 | D:5      | Found a blossoming altar of Fedhas.
  2554 | D:5      | Killed an ice beast
  2561 | D:5      | Became a worshipper of Ru the Awakened
  2586 | D:5      | Gained mutation: You are hated by all. [Ru sacrifice]
  2586 | D:5      | Reached * piety under Ru
  2706 | D:5      | Reached XP level 7. HP: 66/66 MP: 6/6
  2901 | D:5      | Found an ancient bone altar of Kikubaaqudgha.
  3060 | D:5      | Reached skill level 9 in Unarmed Combat
  3187 | D:6      | Found an opulent altar of Gozag.
  3278 | D:6      | Noticed Aquadorian's ghost (novice VSMo)
  3388 | D:6      | Found a staircase to the Ecumenical Temple.
  3400 | D:6      | Noticed Edmund
  3418 | D:6      | Killed Edmund
  3632 | D:6      | Reached skill level 10 in Unarmed Combat
  3806 | D:6      | Reached XP level 8. HP: 68/74 MP: 7/7
  4351 | D:7      | HP: 3/74 [poisoned by a killer bee]
  4552 | D:7      | Noticed Joseph
  4570 | D:7      | Killed Joseph
  4570 | D:7      | Reached skill level 5 in Dodging
  4570 | D:7      | Reached skill level 11 in Unarmed Combat
  4570 | D:7      | Reached XP level 9. HP: 37/80 MP: 8/8
  4628 | D:7      | HP: 1/80 [killer bee (8)]
  4630 | D:7      | Slain by a killer bee

Skill      XL: |  1  2  3  4  5  6  7  8 |
---------------+-------------------------+-----
Unarmed Combat | 5 6 7 8 10 11 | 11.2
Dodging        | 5 |  5.2
Fighting       | |  2.4
Stealth        | |  1.1

Action                   |  1- 3 |  4- 6 |  7- 9 || total
-------------------------+-------+-------+-------++-------
Melee: Unarmed           |    62 |   108 |   258 ||   428
       Punch             |     1 |     3 |     9 ||    13
Invok: Sacrifice Love    |       |     1 |       ||     1
  Use: Scroll            |       |     5 |     4 ||     9
       Potion            |       |       |     5 ||     5
 Stab: Sleeping          |     2 |     3 |     3 ||     8
       Distracted        |       |       |     1 ||     1
  Eat: Chunk             |    19 |     7 |    17 ||    43
       Bread ration      |       |       |     1 ||     1
Armor: Robe              |    27 |    45 |   125 ||   197
Dodge: Dodged            |    34 |    59 |   138 ||   231
